 Dungeon Crawl Stone Soup version 0.15-a0-809-g8e1b895 (webtiles) character file.

23 4tharraofdagon the Firebug (level 2, -3/20 HPs)
             Began as a Demigod Fire Elementalist on May 14, 2014.
             Killed by divine providence
             ... invoked by an orc priest
              (13 damage)
             ... on Level 5 of the Dungeon.
             The game lasted 00:02:54 (600 turns).

4tharraofdagon the Firebug (DgFE)                    Turns: 600, Time: 00:02:55

HP  -3/20        AC  2     Str 11      XL: 2   Next: 57%
MP   5/5         EV 12     Int 18 (20) God:
Gold 35          SH  0     Dex 16      Spells:  1 memorised,  4 levels left

rFire  . . .     SeeInvis .     i - +2,+1 flail (crush)
rCold  . . .     Clarity  .     a - +0 robe
rNeg   . . .     Conserve .     (no shield)
rPois  .         rCorr    .     (no helmet)
rElec  .         rRot     .     (no cloak)
SustAb . .       Spirit   .     (no gloves)
rMut   .         Warding  .     (no boots)
Gourm  .         Stasis   .     (no amulet)
MR     .....                    (no ring)
                                (no ring)

@: not resistant to hostile enchantments, unstealthy
A: no striking features
a: no special abilities


You were on level 5 of the Dungeon.
You were not hungry.

You visited 1 branch of the dungeon, and saw 5 of its levels.

You collected 35 gold pieces.

Inventory:

Hand weapons
 h - a +0,+0 cutlass
 i - a +2,+1 flail of crushing (weapon)
Armour
 a - a +0 robe (worn)
Magical devices
 j - a wand of random effects (5)
Comestibles
 c - a bread ration
Scrolls
 d - 2 scrolls of teleportation {unknown}
 e - a scroll of immolation {unknown}
 f - 4 scrolls of identify {unknown}
 g - a scroll of amnesia {unknown}
 k - a scroll of blinking {unknown}
 l - a scroll of random uselessness {unknown}
Potions
 m - a potion of agility {unknown}
Books
 b - a book of Flames

   Spells                             Type                      Level
   *Flame Tongue                      Conjuration/Fire             1
   Throw Flame                        Conjuration/Fire             2
   Conjure Flame                      Conjuration/Fire             3
   Inner Flame                        Hexes/Fire                   3
   Sticky Flame                       Conjuration/Fire             4
   Fireball                           Conjuration/Fire             5


   Skills:
 - Level 1.7 Dodging
 - Level 1.7 Stealth
 + Level 2.0 Spellcasting
 * Level 1.7 Conjurations
 * Level 3.1 Fire Magic


You had 4 spell levels left.
You knew the following spells:

 Your Spells              Type           Power        Failure   Level  Hunger
a - Flame Tongue          Conj/Fire      ##...        10%         1    #......


Dungeon Overview and Level Annotations

Branches:
Dungeon (5/15)
 Temple: D:4-7


Message History

The helpless giant cockroach fails to defend itself.
You thump the giant cockroach!
You kill the giant cockroach!
There is an escape hatch in the floor here.
You slide downwards.
The hatch slams shut behind you.
You hear the sound of rushing water.
There is an entrance to a sewer on this level.
Hurry and find it before the portal rusts away!
You hear the rusting of a drain, a long way away. 2 orcs and an orc priest come into view.
The orc priest shouts!
The orc shouts!
The orc shouts!
Found a bread ration, a potion of curing and 19 sling bullets.
Found a stone staircase leading down.
The orc barely misses you.
The orc priest mumbles some strange prayers to Beogh against you.
Something smites you!
Ouch! That really hurt!
The orc priest calls down the wrath of Beogh upon you.
Something smites you!
Ouch! That really hurt!
You die...

.............
...............
%..............
............#
....##.......#
.............#
.....o..o...##
.......o....##
........@....#
...(.....>..!+
...###......#
... .#...###
..#....
...#.....
....##+#... ..
..


You could see an orc priest and 2 orcs.

Vanquished Creatures
  An adder (D:3)
  2 giant cockroaches
  2 hobgoblins
  A jackal (D:2)
  A kobold (D:3)
  2 bats
  A giant gecko (D:3)
  3 goblins (D:4)
  A kobold skeleton (D:4)
  A rat (D:2)
15 creatures vanquished.

Notes
Turn   | Place    | Note
--------------------------------------------------------------
     0 | D:1      | 4tharraofdagon, the Demigod Fire Elementalist, began the quest for the Orb.
     0 | D:1      | Reached XP level 1. HP: 14/14 MP: 3/3
    16 | D:1      | Reached skill level 1 in Conjurations
    80 | D:2      | Found a snail-covered altar of Cheibriados.
   187 | D:4      | Noticed a worker ant
   285 | D:3      | Reached skill level 3 in Fire Magic
   285 | D:3      | Reached XP level 2. HP: 2/20 MP: 0/5
   460 | D:5      | Entered Level 5 of the Dungeon
   600 | D:5      | Killed from afar by an orc priest

Action                   || total
-------------------------++-------
Melee: Unarmed           ||    12
       Flail             ||     8
 Cast: Flame Tongue      ||    18
Evoke: Wand              ||     1
  Use: Potion            ||     2
 Stab: Sleeping          ||     2

Vault maps used:
D:1:      dpeg_arrival_renting
D:2:      minmay_misc_feat_doors, cheibriados_altar_1, uniq_sigmund
D:3:      okawaru_altar_gauntlet_db
D:4:      lemuel_crystal_altar, minmay_liquid_box
D:5:      elyvilon_altar_3, first_bread, gup_sewer_entry_spiral, uniq_iyjb
